Wilds vs Senateurs

Created - 18 décembre 2021 at 16:56

Goals
1 2 3 T
Wilds 0 0 2 2
Senateurs 1 2 0 3
Shots
1 2 3 T
Wilds 3 9 19 31
Senateurs 7 11 5 23

GoalsPenalties
1st period
1. Senateurs , Brandon Montour 7 (Patrick Kane 18, Nathan MacKinnon 15) at 6:54 (PP)
Jordie Benn (MIN) for Roughing (Minor) at 6:18
Jacob Trouba (OTT) for Hooking (Minor) at 13:53
Brayden McNabb (OTT) for Hooking (Minor) at 17:09
2nd period
2. Senateurs , Brent Burns 5 (Scott Laughton 7, Patrick Kane 19) at 3:19 (PP)
3. Senateurs , Nikolaj Ehlers 8 (Paul Byron 5, Brandon Montour 16) at 13:23
Ryan Hartman (MIN) for Diving (Minor) at 2:43
3rd period
4. Wilds , Drake Batherson 9 (Mike Green 2, Joe Thornton 11) at 2:38 (PP)
5. Wilds , Adam Erne 2 (Ryan Hartman 4, Bobby Ryan 8) at 7:12
Jacob Trouba (OTT) for Roughing (Minor) at 0:28
Brayden McNabb (OTT) for Hooking (Minor) at 0:56
Brayden McNabb (OTT) for Roughing (Double Minor) at 2:53
Jacob Trouba (OTT) for Hooking (Minor) at 5:09
Adam Lowry (OTT) for Boarding (Minor) at 8:58
Goalie Stats
Devan Dubnyk (MIN), 20 saves from 23 shots - (0,870), L, 7-8-1, 58:41 minutes
Jaroslav Halak (OTT), 29 saves from 31 shots - (0,935), W, 1-1-0, 60:00 minutes
3 StarsOfficial
1 - Brandon Montour (OTT)
2 - Nikolaj Ehlers (OTT)
3 - Adam Erne (MIN)
Referees : Dave Jackson and Brad Meier
Linesman : Greg Devorski and Mark Wheler
Game Note
Luca Sbisa is injured at 12:52 of 1st period (Left Knee)
Finance
Level 1 -- Attendance: 4962 (99,24%) -- Ticket Income 446 580 $
Level 2 -- Attendance: 4000 (100,00%) -- Ticket Income 180 000 $
Level 3 -- Attendance: 3000 (100,00%) -- Ticket Income 78 000 $
Level 4 -- Attendance: 3685 (92,13%) -- Ticket Income 66 330 $
Luxury Box -- Attendance: 911 (91,10%) -- Ticket Income 159 425 $
Game was played at the Centre Canadian Tire.
Total Attendance: 16558 (97,40%)
Total Ticket Income: 930 335 $
Other Income: 455 864 $
Total Income: 1 386 199 $



Team Name Goals Shots Shots Attemp Shots Blocked PIM HIT PP PK FO%
Wilds 2317854171 / 8 (13%)252%
Senateurs 323381316192 / 2 (100%)148%

Wilds
Player Name POS G A P +/- PIM HIT SHT SB MP PP MP PP SHT PK MP PK SHT FO% FOT
Adam ErneLW1011012010:470:1000:360100% 1
Anthony AngelloC000001108:420:0000:0000% 1
Bobby RyanRW0110023019:336:0920:000100% 1
Brandon SutterC/RW0000013020:106:0911:12042% 26
Drake BathersonRW101-1035021:406:1350:000100% 1
Jason ZuckerLW/RW000-1001021:056:1300:00050% 2
Joe ThorntonC/LW011-1000021:406:1300:00065% 31
Jordan KyrouC/LW/RW0000004018:586:0910:000100% 1
Jordie BennD0001223120:490:1000:3600% 0
Kevin ShattenkirkD0000002018:446:2700:0000% 0
Luca SbisaD000000015:030:0000:3600% 0
Mike GreenD0110041022:105:4510:0000% 0
Nick CousinsC/LW/RW000002008:420:0000:000100% 1
Nick LeddyD0000011127:145:4510:0000% 0
Nico SturmC/LW000100119:280:0000:00025% 12
Ryan HartmanLW/RW0111200010:030:0000:360100% 1
Shayne GostisbehereD000-1002125:166:2711:1200% 0
Valtteri FilppulaC000000208:420:0000:00050% 8
Senateurs
Player Name POS G A P +/- PIM HIT SHT SB MP PP MP PP SHT PK MP PK SHT FO% FOT
Adam LowryC0001211017:260:0005:38039% 28
Adam PelechD0001013120:390:0006:3000% 0
Brandon MontourD1121042219:280:3614:5000% 0
Brayden McNabbD000-1810417:160:0002:3500% 0
Brent BurnsD1010012124:180:3616:0100% 0
Colin WilsonC/LW/RW000000004:100:0000:0000% 0
Filip HronekD000-1020016:220:3601:2600% 0
Jacob TroubaD0000640321:150:0003:2000% 0
Jake GuentzelLW0000021015:350:0000:00067% 3
Mathew BarzalC000-1005015:280:3600:00050% 20
Michael BuntingLW/RW000000004:100:0000:0000% 0
Mika ZibanejadC0000013019:220:3602:55152% 23
Nate ThompsonC/LW000000117:290:0003:19050% 8
Nathan MacKinnonC/RW0110000016:110:3600:0000% 0
Nikolaj EhlersLW/RW1011002012:090:3600:000100% 1
Patrick KaneRW022-1001016:041:1200:0000% 0
Paul ByronC/LW/RW0111000116:590:0005:3300% 2
Scott LaughtonC/LW011-1022019:560:3604:050100% 1

Wilds

5 vs 5 Forward
Line #Left WingCenterRight WingPHYDFOFWanted %Time %Time Play
1Jason ZuckerJoe ThorntonDrake Batherson1223132%14:52
2Jordan KyrouBrandon SutterBobby Ryan1222828%12:49
3Adam ErneNico SturmRyan Hartman1222121%9:28
4Nick CousinsValtteri FilppulaAnthony Angello1222019%8:42
5 vs 5 Defense
Line #DefenseDefensePHYDFOFWanted %Time %Time Play
1Kevin ShattenkirkNick Leddy1223024%11:01
2Shayne GostisbehereLuca Sbisa1222838%17:20
3Jordie BennMike Green1222422%9:56
4Luca SbisaNick Leddy1221817%7:34
Power Play Forward
Line #Left WingCenterRight WingPHYDFOFWanted %Time %Time Play
1Jason ZuckerJoe ThorntonDrake Batherson1135050%6:13
2Jordan KyrouBrandon SutterBobby Ryan1135050%6:09
Power Play Defense
Line #DefenseDefensePHYDFOFWanted %Time %Time Play
1Shayne GostisbehereKevin Shattenkirk0235852%6:27
2Luca SbisaMike Green0234248%5:55
Penalty Kill 4 Players Forward
Line #CenterWingPHYDFOFWanted %Time %Time Play
1Brandon SutterRyan Hartman13158100%1:12
2Valtteri FilppulaNico Sturm131420%0:00
Penalty Kill 4 Players Defense
Line #DefenseDefensePHYDFOFWanted %Time %Time Play
1Luca SbisaJordie Benn22155100%1:12
2Nick LeddyKevin Shattenkirk221450%0:00
Penalty Kill 3 Players
Line #WingPHYDFOFWanted %Time %Time PlayDefenseDefensePHYDFOFWanted %Time %Time Play
1Brandon Sutter140520%0:00 Jordie BennNick Leddy230530%0:00
2Valtteri Filppula140480%0:00 Luca SbisaKevin Shattenkirk230470%0:00
4 vs 4 Forward
Line #CenterWingPHYDFOFWanted %Time %Time Play
1Joe ThorntonJason Zucker122500%0:00
2Jordan KyrouDrake Batherson122500%0:00
4 vs 4 Defense
Line #DefensePHYDFOFWanted %Time %Time Play
1Luca SbisaNick Leddy122530%0:00
2Jordie BennKevin Shattenkirk122470%0:00
Last Minutes Offensive
Left WingCenterRight WingDefenseDefense
Bobby RyanJoe ThorntonDrake BathersonKevin ShattenkirkShayne Gostisbehere
Last Minutes Defensive
Left WingCenterRight WingDefenseDefense
Ryan HartmanBrandon SutterValtteri FilppulaJordie BennNick Leddy
Time
Total ForwardTotal DefenseLast Minutes OffensiveLast Minutes Defensive
60:00 60:00 0:350:00
Extra Forwards
Normal PowerPlayPenalty Kill
Ryan Hartman, Nico Sturm, Drake BathersonRyan Hartman, Nick CousinsRyan Hartman
Extra Defensemen
Normal PowerPlayPenalty Kill
Jordie Benn, Mike Green, Shayne GostisbehereNick Leddy, Shayne GostisbehereJordie Benn
Penalty Shots
Drake Batherson, Jason Zucker, Brandon Sutter, Joe Thornton, Bobby Ryan
Goalie
Devan Dubnyk, Carter Hutton
Custom OT Lines Forwards
Drake Batherson, Jason Zucker, Brandon Sutter, Joe Thornton, Bobby Ryan, Jordan Kyrou, Ryan Hartman, Nick Cousins, Adam Erne, Valtteri Filppula
Custom OT Lines Defensemen
Luca Sbisa, Nick Leddy, Shayne Gostisbehere, Kevin Shattenkirk, Jordie Benn
Scratches
Charles Hudon (Healthy), Olli Juolevi (Healthy), Josh Leivo (Healthy)

Senateurs

5 vs 5 Forward
Line #Left WingCenterRight WingPHYDFOFWanted %Time %Time Play
1Jake GuentzelMika ZibanejadNathan MacKinnon0233234%15:35
2Scott LaughtonMathew BarzalPatrick Kane0233232%14:52
3Nikolaj EhlersAdam LowryPaul Byron0322525%11:26
4Michael BuntingNate ThompsonColin Wilson131119%4:10
5 vs 5 Defense
Line #DefenseDefensePHYDFOFWanted %Time %Time Play
1Jacob TroubaBrent Burns0323335%15:54
2Adam PelechBrandon Montour1313130%14:02
3Brayden McNabbFilip Hronek0413031%14:20
4Brent BurnsJacob Trouba02364%1:47
Power Play Forward
Line #Left WingCenterRight WingPHYDFOFWanted %Time %Time Play
1Patrick KaneMika ZibanejadNathan MacKinnon0055750%0:36
2Nikolaj EhlersMathew BarzalJake Guentzel0054350%0:36
Power Play Defense
Line #DefenseDefensePHYDFOFWanted %Time %Time Play
1Brent BurnsScott Laughton1135050%0:36
2Filip HronekBrandon Montour1135050%0:36
Penalty Kill 4 Players Forward
Line #CenterWingPHYDFOFWanted %Time %Time Play
1Adam LowryPaul Byron1405564%5:49
2Nate ThompsonScott Laughton1404536%3:19
Penalty Kill 4 Players Defense
Line #DefenseDefensePHYDFOFWanted %Time %Time Play
1Adam PelechJacob Trouba1405048%4:24
2Brayden McNabbBrent Burns1405052%4:44
Penalty Kill 3 Players
Line #WingPHYDFOFWanted %Time %Time PlayDefenseDefensePHYDFOFWanted %Time %Time Play
1Mika Zibanejad1405057%1:50 Adam PelechJacob Trouba1405047%1:31
2Adam Lowry1405043%1:24 Brayden McNabbBrent Burns1405053%1:43
4 vs 4 Forward
Line #CenterWingPHYDFOFWanted %Time %Time Play
1Mika ZibanejadNathan MacKinnon014550%0:00
2Mathew BarzalPatrick Kane014450%0:00
4 vs 4 Defense
Line #DefensePHYDFOFWanted %Time %Time Play
1Brent BurnsJacob Trouba041500%0:00
2Filip HronekBrandon Montour041500%0:00
Last Minutes Offensive
Left WingCenterRight WingDefenseDefense
Patrick KaneMika ZibanejadNathan MacKinnonBrent BurnsFilip Hronek
Last Minutes Defensive
Left WingCenterRight WingDefenseDefense
Mika ZibanejadAdam LowryScott LaughtonBrayden McNabbJacob Trouba
Time
Total ForwardTotal DefenseLast Minutes OffensiveLast Minutes Defensive
60:00 60:00 0:000:23
Extra Forwards
Normal PowerPlayPenalty Kill
Adam Lowry, Nikolaj Ehlers, Jake GuentzelPatrick Kane, Nathan MacKinnonMika Zibanejad
Extra Defensemen
Normal PowerPlayPenalty Kill
Adam Pelech, Filip Hronek, Brandon MontourJacob Trouba, Brandon MontourFilip Hronek
Penalty Shots
Patrick Kane, Mathew Barzal, Nathan MacKinnon, Mika Zibanejad, Jake Guentzel
Goalie
Jaroslav Halak, Jacob Markstrom
Custom OT Lines Forwards
Mika Zibanejad, Nathan MacKinnon, Mathew Barzal, Patrick Kane, Jake Guentzel, Nikolaj Ehlers, Adam Lowry, Scott Laughton, Nate Thompson, Michael Bunting
Custom OT Lines Defensemen
Brent Burns, Jacob Trouba, Brandon Montour, Filip Hronek, Adam Pelech
Scratches
Matt Benning (Healthy), Laurent Dauphin (Healthy), Jayce Hawryluk (Healthy)


Play-by-Play

1st period


0:01 of 1st period - Mika Zibanejad wins face-off versus Joe Thornton in neutral zone.
0:27 of 1st period - Off-side.
0:28 of 1st period - Mathew Barzal wins face-off versus Brandon Sutter in neutral zone.
0:44 of 1st period - Shot by Jordan Kyrou.
0:44 of 1st period - Stopped by Jaroslav Halak without a rebound.
0:45 of 1st period - Adam Lowry wins face-off versus Nico Sturm in Senateurs zone.
0:45 of 1st period - Adam Lowry is hit by Adam Erne.
1:09 of 1st period - Shot by Paul Byron.
1:09 of 1st period - Shot Blocked by Nico Sturm.
2:03 of 1st period - Shot by Scott Laughton.
2:03 of 1st period - Shot Misses the Net.
2:19 of 1st period - Shot by Mathew Barzal.
2:19 of 1st period - Stopped by Devan Dubnyk with a rebound.
2:21 of 1st period - Shot by Adam Pelech.
2:21 of 1st period - Stopped by Devan Dubnyk without a rebound.
2:22 of 1st period - Jake Guentzel wins face-off versus Brandon Sutter in Wilds zone.
2:33 of 1st period - Shot by Mika Zibanejad.
2:33 of 1st period - Stopped by Devan Dubnyk without a rebound.
2:34 of 1st period - Joe Thornton wins face-off versus Nate Thompson in Wilds zone.
4:27 of 1st period - Shot by Bobby Ryan.
4:27 of 1st period - Shot Misses the Net.
4:29 of 1st period - Shot by Brandon Sutter.
4:29 of 1st period - Shot Misses the Net.
5:20 of 1st period - Icing by Scott Laughton.
5:21 of 1st period - Mathew Barzal wins face-off versus Anthony Angello in Senateurs zone.
6:14 of 1st period - Jacob Trouba is hit by Mike Green and loses puck.
6:18 of 1st period - Minor Penalty to Jordie Benn for Roughing.
6:19 of 1st period - Ryan Hartman wins face-off versus Mika Zibanejad in Wilds zone.
6:52 of 1st period - Shot by Patrick Kane.
6:52 of 1st period - Shot Misses the Net.
6:54 of 1st period - Shot by Brandon Montour.
6:54 of 1st period - Goal by Brandon Montour - Wilds : 0 - Senateurs : 1.
6:55 of 1st period - Nate Thompson wins face-off versus Joe Thornton in neutral zone.
7:12 of 1st period - Shot by Michael Bunting.
7:12 of 1st period - Deflect By Nate Thompson.
7:12 of 1st period - Stopped by Devan Dubnyk without a rebound.
7:13 of 1st period - Valtteri Filppula wins face-off versus Adam Lowry in Wilds zone.
7:17 of 1st period - Off-side.
7:18 of 1st period - Joe Thornton wins face-off versus Jake Guentzel in neutral zone.
7:18 of 1st period - Drake Batherson is hit by Jake Guentzel.
7:33 of 1st period - Icing by Luca Sbisa.
7:34 of 1st period - Joe Thornton wins face-off versus Mathew Barzal in Wilds zone.
7:34 of 1st period - Joe Thornton is hit by Scott Laughton.
9:49 of 1st period - Icing by Ryan Hartman.
9:50 of 1st period - Nico Sturm wins face-off versus Adam Lowry in Wilds zone.
10:12 of 1st period - Shot by Jordie Benn.
10:12 of 1st period - Shot Blocked by Brayden McNabb.
10:14 of 1st period - Shot by Nico Sturm.
10:14 of 1st period - Shot Misses the Net.
10:46 of 1st period - Filip Hronek is hit by Nick Cousins and loses puck.
11:00 of 1st period - Icing by Valtteri Filppula.
11:01 of 1st period - Valtteri Filppula wins face-off versus Mathew Barzal in Wilds zone.
11:01 of 1st period - Valtteri Filppula is hit by Scott Laughton.
11:37 of 1st period - Shot by Patrick Kane.
11:37 of 1st period - Shot Misses the Net.
11:40 of 1st period - Icing by Nick Leddy.
11:41 of 1st period - Brandon Sutter wins face-off versus Mika Zibanejad in Wilds zone.
12:11 of 1st period - Icing by Kevin Shattenkirk.
12:12 of 1st period - Jordan Kyrou wins face-off versus Nate Thompson in Wilds zone.
12:52 of 1st period - Shot by Michael Bunting.
12:52 of 1st period - Shot Blocked by Luca Sbisa.
12:52 of 1st period - Luca Sbisa from Wilds is injured at 12:52 of 1st period (Left Knee).
12:53 of 1st period - Mathew Barzal wins face-off versus Nico Sturm in Wilds zone.
12:53 of 1st period - Mathew Barzal is hit by Mike Green.
13:38 of 1st period - Shot by Mathew Barzal.
13:38 of 1st period - Stopped by Devan Dubnyk without a rebound.
13:39 of 1st period - Mika Zibanejad wins face-off versus Joe Thornton in Wilds zone.
13:53 of 1st period - Minor Penalty to Jacob Trouba for Hooking.
13:54 of 1st period - Brandon Sutter wins face-off versus Adam Lowry in Senateurs zone.
13:57 of 1st period - Shot by Brandon Sutter.
13:57 of 1st period - Shot Misses the Net.
13:59 of 1st period - Shot by Brandon Sutter.
13:59 of 1st period - Shot Misses the Net.
14:23 of 1st period - Shot by Jordan Kyrou.
14:23 of 1st period - Shot Misses the Net.
14:27 of 1st period - Shot by Brandon Sutter.
14:27 of 1st period - Stopped by Jaroslav Halak without a rebound.
14:28 of 1st period - Joe Thornton wins face-off versus Nate Thompson in Senateurs zone.
15:04 of 1st period - Shot by Mike Green.
15:04 of 1st period - Shot Hit the Post.
15:34 of 1st period - Shot by Brandon Sutter.
15:34 of 1st period - Deflect By Bobby Ryan.
15:34 of 1st period - Shot Misses the Net.
16:52 of 1st period - Shot by Shayne Gostisbehere.
16:52 of 1st period - Stopped by Jaroslav Halak without a rebound.
16:53 of 1st period - Joe Thornton wins face-off versus Adam Lowry in Senateurs zone.
17:02 of 1st period - Shot by Adam Lowry.
17:02 of 1st period - Deflect By Nikolaj Ehlers.
17:02 of 1st period - Stopped by Devan Dubnyk without a rebound.
17:03 of 1st period - Mathew Barzal wins face-off versus Brandon Sutter in Wilds zone.
17:09 of 1st period - Minor Penalty to Brayden McNabb for Hooking.
17:10 of 1st period - Joe Thornton wins face-off versus Adam Lowry in Senateurs zone.
18:52 of 1st period - Shot by Kevin Shattenkirk.
18:52 of 1st period - Deflect By Jordan Kyrou.
18:52 of 1st period - Shot Misses the Net.
19:07 of 1st period - Icing by Drake Batherson.
19:08 of 1st period - Joe Thornton wins face-off versus Adam Lowry in Wilds zone.
19:15 of 1st period - Shot by Drake Batherson.
19:15 of 1st period - Shot Misses the Net.
19:40 of 1st period - Shot by Mika Zibanejad.
19:40 of 1st period - Shot Blocked by Jordie Benn.
Goals for this period are 0 for Wilds vs 1 for Senateurs.
Shots for this period are 3 for Wilds vs 7 for Senateurs.

2nd period


0:01 of 2nd period - Mathew Barzal wins face-off versus Joe Thornton in neutral zone.
0:01 of 2nd period - Patrick Kane is hit by Drake Batherson and loses puck.
0:13 of 2nd period - Drake Batherson is hit by Brandon Montour and loses puck.
0:39 of 2nd period - Drake Batherson is hit by Brandon Montour and loses puck.
0:55 of 2nd period - Icing by Nick Leddy.
0:56 of 2nd period - Adam Lowry wins face-off versus Joe Thornton in Wilds zone.
1:21 of 2nd period - Off-side.
1:22 of 2nd period - Brandon Sutter wins face-off versus Mika Zibanejad in neutral zone.
1:51 of 2nd period - Shot by Jordan Kyrou.
1:51 of 2nd period - Shot Blocked by Brayden McNabb.
1:53 of 2nd period - Shot by Jordie Benn.
1:53 of 2nd period - Shot Blocked by Brayden McNabb.
2:43 of 2nd period - Minor Penalty to Ryan Hartman for Diving.
2:44 of 2nd period - Brandon Sutter wins face-off versus Mathew Barzal in Wilds zone.
3:19 of 2nd period - Shot by Brent Burns.
3:19 of 2nd period - Goal by Brent Burns - Wilds : 0 - Senateurs : 2.
3:20 of 2nd period - Nate Thompson wins face-off versus Joe Thornton in neutral zone.
3:20 of 2nd period - Brandon Montour is hit by Drake Batherson and loses puck.
3:31 of 2nd period - Colin Wilson is hit by Mike Green and loses puck.
3:55 of 2nd period - Drake Batherson is hit by Brandon Montour and loses puck.
4:42 of 2nd period - Adam Lowry is hit by Jordie Benn and loses puck.
5:00 of 2nd period - Jacob Trouba is hit by Mike Green and loses puck.
5:38 of 2nd period - Icing by Brent Burns.
5:39 of 2nd period - Adam Lowry wins face-off versus Nico Sturm in Senateurs zone.
5:47 of 2nd period - Icing by Jacob Trouba.
5:48 of 2nd period - Joe Thornton wins face-off versus Adam Lowry in Senateurs zone.
6:39 of 2nd period - Icing by Adam Erne.
6:40 of 2nd period - Nico Sturm wins face-off versus Mika Zibanejad in Wilds zone.
7:14 of 2nd period - Off-side.
7:15 of 2nd period - Mathew Barzal wins face-off versus Brandon Sutter in neutral zone.
7:32 of 2nd period - Shot by Patrick Kane.
7:32 of 2nd period - Stopped by Devan Dubnyk without a rebound.
7:33 of 2nd period - Nate Thompson wins face-off versus Jason Zucker in Wilds zone.
7:46 of 2nd period - Shot by Colin Wilson.
7:46 of 2nd period - Shot Blocked by Shayne Gostisbehere.
8:39 of 2nd period - Shot by Mathew Barzal.
8:39 of 2nd period - Stopped by Devan Dubnyk with a rebound.
8:41 of 2nd period - Shot by Adam Pelech.
8:41 of 2nd period - Stopped by Devan Dubnyk with a rebound.
8:43 of 2nd period - Shot by Adam Pelech.
8:43 of 2nd period - Stopped by Devan Dubnyk with a rebound.
8:45 of 2nd period - Shot by Scott Laughton.
8:45 of 2nd period - Stopped by Devan Dubnyk without a rebound.
8:46 of 2nd period - Mika Zibanejad wins face-off versus Valtteri Filppula in Wilds zone.
8:49 of 2nd period - Shot by Nathan MacKinnon.
8:49 of 2nd period - Shot Misses the Net.
8:51 of 2nd period - Shot by Brent Burns.
8:51 of 2nd period - Stopped by Devan Dubnyk without a rebound.
8:52 of 2nd period - Brandon Sutter wins face-off versus Mika Zibanejad in Wilds zone.
8:56 of 2nd period - Off-side.
8:57 of 2nd period - Brandon Sutter wins face-off versus Mathew Barzal in neutral zone.
9:06 of 2nd period - Shot by Jordan Kyrou.
9:06 of 2nd period - Shot Misses the Net.
9:34 of 2nd period - Shot by Mathew Barzal.
9:34 of 2nd period - Stopped by Devan Dubnyk without a rebound.
9:35 of 2nd period - Joe Thornton wins face-off versus Mika Zibanejad in Wilds zone.
9:50 of 2nd period - Jason Zucker is hit by Jacob Trouba and loses puck.
10:30 of 2nd period - Icing by Nick Leddy.
10:31 of 2nd period - Scott Laughton wins face-off versus Joe Thornton in Wilds zone.
11:00 of 2nd period - Shot by Bobby Ryan.
11:00 of 2nd period - Shot Misses the Net.
11:12 of 2nd period - Shot by Jordan Kyrou.
11:12 of 2nd period - Stopped by Jaroslav Halak without a rebound.
11:13 of 2nd period - Valtteri Filppula wins face-off versus Adam Lowry in Senateurs zone.
11:24 of 2nd period - Adam Lowry is hit by Anthony Angello and loses puck.
11:35 of 2nd period - Shot by Nick Cousins.
11:35 of 2nd period - Deflect By Anthony Angello.
11:35 of 2nd period - Shot Misses the Net.
11:37 of 2nd period - Shot by Valtteri Filppula.
11:37 of 2nd period - Stopped by Jaroslav Halak with a rebound.
11:39 of 2nd period - Shot by Jordie Benn.
11:39 of 2nd period - Stopped by Jaroslav Halak without a rebound.
11:40 of 2nd period - Brandon Sutter wins face-off versus Mika Zibanejad in Senateurs zone.
12:20 of 2nd period - Icing by Nathan MacKinnon.
12:21 of 2nd period - Jason Zucker wins face-off versus Mika Zibanejad in Senateurs zone.
12:24 of 2nd period - Shot by Drake Batherson.
12:24 of 2nd period - Shot Blocked by Brent Burns.
12:26 of 2nd period - Shot by Jordie Benn.
12:26 of 2nd period - Stopped by Jaroslav Halak without a rebound.
12:27 of 2nd period - Mathew Barzal wins face-off versus Nico Sturm in Senateurs zone.
12:55 of 2nd period - Shot by Jordie Benn.
12:55 of 2nd period - Stopped by Jaroslav Halak without a rebound.
12:56 of 2nd period - Joe Thornton wins face-off versus Adam Lowry in Senateurs zone.
13:23 of 2nd period - Shot by Paul Byron.
13:23 of 2nd period - Deflect By Nikolaj Ehlers.
13:23 of 2nd period - Goal by Nikolaj Ehlers - Wilds : 0 - Senateurs : 3.
13:24 of 2nd period - Bobby Ryan wins face-off versus Mathew Barzal in neutral zone.
13:27 of 2nd period - Shot by Brandon Sutter.
13:27 of 2nd period - Deflect By Bobby Ryan.
13:27 of 2nd period - Stopped by Jaroslav Halak without a rebound.
13:28 of 2nd period - Brandon Sutter wins face-off versus Mathew Barzal in Senateurs zone.
14:22 of 2nd period - Shot by Nikolaj Ehlers.
14:22 of 2nd period - Shot Misses the Net.
14:24 of 2nd period - Shot by Nikolaj Ehlers.
14:24 of 2nd period - Deflect By Adam Lowry.
14:24 of 2nd period - Stopped by Devan Dubnyk without a rebound.
14:25 of 2nd period - Mika Zibanejad wins face-off versus Valtteri Filppula in Wilds zone.
14:31 of 2nd period - Valtteri Filppula is hit by Mika Zibanejad and loses puck.
14:37 of 2nd period - Icing by Nick Leddy.
14:38 of 2nd period - Nick Cousins wins face-off versus Adam Lowry in Wilds zone.
16:20 of 2nd period - Off-side.
16:21 of 2nd period - Mika Zibanejad wins face-off versus Nico Sturm in neutral zone.
16:34 of 2nd period - Shot by Nico Sturm.
16:34 of 2nd period - Shot Blocked by Brayden McNabb.
16:36 of 2nd period - Shot by Nico Sturm.
16:36 of 2nd period - Shot Misses the Net.
16:38 of 2nd period - Shot by Adam Erne.
16:38 of 2nd period - Shot Misses the Net.
16:40 of 2nd period - Shot by Nico Sturm.
16:40 of 2nd period - Stopped by Jaroslav Halak without a rebound.
16:41 of 2nd period - Adam Lowry wins face-off versus Brandon Sutter in Senateurs zone.
17:07 of 2nd period - Icing by Brent Burns.
17:08 of 2nd period - Adam Lowry wins face-off versus Nico Sturm in Senateurs zone.
18:07 of 2nd period - Shot by Jake Guentzel.
18:07 of 2nd period - Shot Misses the Net.
18:09 of 2nd period - Shot by Brandon Montour.
18:09 of 2nd period - Stopped by Devan Dubnyk without a rebound.
18:10 of 2nd period - Mathew Barzal wins face-off versus Brandon Sutter in Wilds zone.
18:20 of 2nd period - Icing by Shayne Gostisbehere.
18:21 of 2nd period - Jake Guentzel wins face-off versus Brandon Sutter in Wilds zone.
19:05 of 2nd period - Icing by Shayne Gostisbehere.
19:06 of 2nd period - Brandon Sutter wins face-off versus Mathew Barzal in Wilds zone.
19:27 of 2nd period - Shot by Jason Zucker.
19:27 of 2nd period - Shot Misses the Net.
19:29 of 2nd period - Shot by Nick Leddy.
19:29 of 2nd period - Shot Misses the Net.
19:31 of 2nd period - Shot by Drake Batherson.
19:31 of 2nd period - Shot Misses the Net.
19:33 of 2nd period - Shot by Jason Zucker.
19:33 of 2nd period - Stopped by Jaroslav Halak with a rebound.
19:35 of 2nd period - Shot by Kevin Shattenkirk.
19:35 of 2nd period - Shot Blocked by Jacob Trouba.
19:37 of 2nd period - Shot by Kevin Shattenkirk.
19:37 of 2nd period - Stopped by Jaroslav Halak without a rebound.
19:38 of 2nd period - Nikolaj Ehlers wins face-off versus Valtteri Filppula in Senateurs zone.
19:42 of 2nd period - Filip Hronek is hit by Nick Cousins.
Goals for this period are 0 for Wilds vs 2 for Senateurs.
Shots for this period are 9 for Wilds vs 11 for Senateurs.

3rd period


0:01 of 3rd period - Joe Thornton wins face-off versus Mathew Barzal in neutral zone.
0:04 of 3rd period - Scott Laughton is hit by Drake Batherson and loses puck.
0:12 of 3rd period - Jason Zucker is hit by Jacob Trouba and loses puck.
0:27 of 3rd period - Shot by Drake Batherson.
0:27 of 3rd period - Deflect By Jason Zucker.
0:27 of 3rd period - Shot Misses the Net.
0:28 of 3rd period - Minor Penalty to Jacob Trouba for Roughing.
0:29 of 3rd period - Adam Lowry wins face-off versus Brandon Sutter in Senateurs zone.
0:29 of 3rd period - Adam Lowry is hit by Bobby Ryan.
0:56 of 3rd period - Minor Penalty to Brayden McNabb for Hooking.
0:57 of 3rd period - Mika Zibanejad wins face-off versus Joe Thornton in Senateurs zone.
1:09 of 3rd period - Off-side.
1:10 of 3rd period - Brandon Sutter wins face-off versus Adam Lowry in neutral zone.
1:17 of 3rd period - Shot by Brandon Sutter.
1:17 of 3rd period - Shot Misses the Net.
1:41 of 3rd period - Filip Hronek is hit by Brandon Sutter and loses puck.
1:50 of 3rd period - Shot by Jordan Kyrou.
1:50 of 3rd period - Deflect By Bobby Ryan.
1:50 of 3rd period - Stopped by Jaroslav Halak without a rebound.
1:51 of 3rd period - Joe Thornton wins face-off versus Mika Zibanejad in Senateurs zone.
1:51 of 3rd period - Nick Leddy is hit by Brent Burns and loses puck.
2:10 of 3rd period - Shot by Nick Leddy.
2:10 of 3rd period - Shot Misses the Net.
2:12 of 3rd period - Shot by Mike Green.
2:12 of 3rd period - Stopped by Jaroslav Halak without a rebound.
2:13 of 3rd period - Joe Thornton wins face-off versus Mika Zibanejad in Senateurs zone.
2:28 of 3rd period - Shot by Joe Thornton.
2:28 of 3rd period - Shot Blocked by Jacob Trouba.
2:30 of 3rd period - Shot by Joe Thornton.
2:30 of 3rd period - Shot Blocked by Adam Pelech.
2:32 of 3rd period - Shot by Jason Zucker.
2:32 of 3rd period - Shot Blocked by Jacob Trouba.
2:34 of 3rd period - Shot by Joe Thornton.
2:34 of 3rd period - Shot Misses the Net.
2:36 of 3rd period - Shot by Mike Green.
2:36 of 3rd period - Deflect By Drake Batherson.
2:36 of 3rd period - Stopped by Jaroslav Halak with a rebound.
2:38 of 3rd period - Shot by Drake Batherson.
2:38 of 3rd period - Goal by Drake Batherson - Wilds : 1 - Senateurs : 3.
2:39 of 3rd period - Mika Zibanejad wins face-off versus Nico Sturm in neutral zone.
2:52 of 3rd period - Shot by Ryan Hartman.
2:52 of 3rd period - Shot Misses the Net.
2:53 of 3rd period - Double Minor Penalty to Brayden McNabb for Roughing.
2:54 of 3rd period - Adam Lowry wins face-off versus Brandon Sutter in Senateurs zone.
2:54 of 3rd period - Adam Lowry is hit by Bobby Ryan.
3:04 of 3rd period - Shot by Jordan Kyrou.
3:04 of 3rd period - Stopped by Jaroslav Halak without a rebound.
3:05 of 3rd period - Joe Thornton wins face-off versus Adam Lowry in Senateurs zone.
3:14 of 3rd period - Shot by Drake Batherson.
3:14 of 3rd period - Stopped by Jaroslav Halak without a rebound.
3:15 of 3rd period - Adam Lowry wins face-off versus Brandon Sutter in Senateurs zone.
3:46 of 3rd period - Shot by Shayne Gostisbehere.
3:46 of 3rd period - Shot Blocked by Nate Thompson.
3:50 of 3rd period - Shot by Shayne Gostisbehere.
3:50 of 3rd period - Shot Misses the Net.
3:52 of 3rd period - Shot by Brandon Sutter.
3:52 of 3rd period - Shot Misses the Net.
3:54 of 3rd period - Shot by Bobby Ryan.
3:54 of 3rd period - Shot Misses the Net.
3:56 of 3rd period - Shot by Bobby Ryan.
3:56 of 3rd period - Stopped by Jaroslav Halak without a rebound.
3:57 of 3rd period - Joe Thornton wins face-off versus Paul Byron in Senateurs zone.
3:57 of 3rd period - Joe Thornton is hit by Jacob Trouba.
3:59 of 3rd period - Shot by Nick Leddy.
3:59 of 3rd period - Stopped by Jaroslav Halak with a rebound.
4:04 of 3rd period - Jason Zucker is hit by Adam Pelech and loses puck.
4:18 of 3rd period - Drake Batherson is hit by Jacob Trouba and loses puck.
4:25 of 3rd period - Shot by Jason Zucker.
4:25 of 3rd period - Shot Misses the Net.
4:27 of 3rd period - Shot by Drake Batherson.
4:27 of 3rd period - Stopped by Jaroslav Halak without a rebound.
4:28 of 3rd period - Nate Thompson wins face-off versus Brandon Sutter in Senateurs zone.
4:36 of 3rd period - Off-side.
4:37 of 3rd period - Joe Thornton wins face-off versus Adam Lowry in neutral zone.
4:40 of 3rd period - Shot by Drake Batherson.
4:40 of 3rd period - Shot Blocked by Paul Byron.
5:09 of 3rd period - Minor Penalty to Jacob Trouba for Hooking.
5:10 of 3rd period - Adam Lowry wins face-off versus Brandon Sutter in Senateurs zone.
5:41 of 3rd period - Shot by Mika Zibanejad.
5:41 of 3rd period - Shot Blocked by Nick Leddy.
5:57 of 3rd period - Shot by Mika Zibanejad.
5:57 of 3rd period - Stopped by Devan Dubnyk with a rebound.
6:04 of 3rd period - Icing by Nick Leddy.
6:05 of 3rd period - Brandon Sutter wins face-off versus Adam Lowry in Wilds zone.
6:26 of 3rd period - Shot by Shayne Gostisbehere.
6:26 of 3rd period - Shot Misses the Net.
6:28 of 3rd period - Shot by Joe Thornton.
6:28 of 3rd period - Shot Misses the Net.
6:52 of 3rd period - Shot by Drake Batherson.
6:52 of 3rd period - Shot Hit the Post.
7:12 of 3rd period - Shot by Ryan Hartman.
7:12 of 3rd period - Deflect By Adam Erne.
7:12 of 3rd period - Goal by Adam Erne - Wilds : 2 - Senateurs : 3.
7:13 of 3rd period - Mathew Barzal wins face-off versus Nico Sturm in neutral zone.
7:51 of 3rd period - Patrick Kane is hit by Jordie Benn and loses puck.
8:09 of 3rd period - Icing by Brayden McNabb.
8:10 of 3rd period - Mathew Barzal wins face-off versus Joe Thornton in Senateurs zone.
8:24 of 3rd period - Off-side.
8:25 of 3rd period - Mika Zibanejad wins face-off versus Brandon Sutter in neutral zone.
8:52 of 3rd period - Shot by Jake Guentzel.
8:52 of 3rd period - Stopped by Devan Dubnyk with a rebound.
8:54 of 3rd period - Shot by Mika Zibanejad.
8:54 of 3rd period - Stopped by Devan Dubnyk without a rebound.
8:55 of 3rd period - Joe Thornton wins face-off versus Adam Lowry in Wilds zone.
8:58 of 3rd period - Minor Penalty to Adam Lowry for Boarding.
8:59 of 3rd period - Joe Thornton wins face-off versus Paul Byron in Senateurs zone.
9:31 of 3rd period - Shot by Drake Batherson.
9:31 of 3rd period - Stopped by Jaroslav Halak without a rebound.
9:32 of 3rd period - Mika Zibanejad wins face-off versus Brandon Sutter in Senateurs zone.
10:09 of 3rd period - Shot by Jordan Kyrou.
10:09 of 3rd period - Shot Misses the Net.
10:35 of 3rd period - Shot by Shayne Gostisbehere.
10:35 of 3rd period - Stopped by Jaroslav Halak without a rebound.
10:36 of 3rd period - Mika Zibanejad wins face-off versus Joe Thornton in Senateurs zone.
11:07 of 3rd period - Shot by Anthony Angello.
11:07 of 3rd period - Stopped by Jaroslav Halak without a rebound.
11:08 of 3rd period - Nico Sturm wins face-off versus Nate Thompson in Senateurs zone.
11:08 of 3rd period - Jordie Benn is hit by Brayden McNabb and loses puck.
11:12 of 3rd period - Nico Sturm is hit by Filip Hronek and loses puck.
11:26 of 3rd period - Ryan Hartman is hit by Filip Hronek and loses puck.
11:31 of 3rd period - Shot by Nico Sturm.
11:31 of 3rd period - Deflect By Adam Erne.
11:31 of 3rd period - Stopped by Jaroslav Halak without a rebound.
11:32 of 3rd period - Joe Thornton wins face-off versus Mika Zibanejad in Senateurs zone.
11:51 of 3rd period - Shot by Mika Zibanejad.
11:51 of 3rd period - Shot Misses the Net.
12:18 of 3rd period - Joe Thornton is hit by Jake Guentzel and loses puck.
12:32 of 3rd period - Icing by Jacob Trouba.
12:33 of 3rd period - Mika Zibanejad wins face-off versus Brandon Sutter in Senateurs zone.
13:04 of 3rd period - Shot by Mathew Barzal.
13:04 of 3rd period - Stopped by Devan Dubnyk without a rebound.
13:05 of 3rd period - Valtteri Filppula wins face-off versus Adam Lowry in Wilds zone.
13:05 of 3rd period - Valtteri Filppula is hit by Adam Lowry.
13:15 of 3rd period - Shot by Valtteri Filppula.
13:15 of 3rd period - Stopped by Jaroslav Halak without a rebound.
13:16 of 3rd period - Adam Erne wins face-off versus Mathew Barzal in Senateurs zone.
13:16 of 3rd period - Shayne Gostisbehere is hit by Brandon Montour and loses puck.
13:22 of 3rd period - Off-side.
13:23 of 3rd period - Drake Batherson wins face-off versus Mathew Barzal in neutral zone.
13:28 of 3rd period - Shot by Jason Zucker.
13:28 of 3rd period - Shot Blocked by Brandon Montour.
14:05 of 3rd period - Shot by Scott Laughton.
14:05 of 3rd period - Stopped by Devan Dubnyk with a rebound.
15:33 of 3rd period - Icing by Brayden McNabb.
15:34 of 3rd period - Adam Lowry wins face-off versus Valtteri Filppula in Senateurs zone.
16:46 of 3rd period - Mathew Barzal is hit by Nick Leddy and loses puck.
17:13 of 3rd period - Shot by Jake Guentzel.
17:13 of 3rd period - Shot Misses the Net.
17:23 of 3rd period - Shot by Brandon Sutter.
17:23 of 3rd period - Stopped by Jaroslav Halak with a rebound.
17:28 of 3rd period - Shot by Brandon Sutter.
17:28 of 3rd period - Shot Misses the Net.
17:30 of 3rd period - Shot by Brandon Sutter.
17:30 of 3rd period - Shot Misses the Net.
17:32 of 3rd period - Shot by Kevin Shattenkirk.
17:32 of 3rd period - Stopped by Jaroslav Halak without a rebound.
17:33 of 3rd period - Adam Lowry wins face-off versus Nico Sturm in Senateurs zone.
17:50 of 3rd period - Shot by Paul Byron.
17:50 of 3rd period - Shot Misses the Net.
18:34 of 3rd period - Wilds, Devan Dubnyk is pulled from the net.
18:36 of 3rd period - Shot by Brandon Sutter.
18:36 of 3rd period - Stopped by Jaroslav Halak with a rebound.
18:38 of 3rd period - Shot by Brandon Sutter.
18:38 of 3rd period - Shot Blocked by Brandon Montour.
18:44 of 3rd period - Shot by Jordan Kyrou.
18:44 of 3rd period - Stopped by Jaroslav Halak without a rebound.
18:45 of 3rd period - Mika Zibanejad wins face-off versus Joe Thornton in Senateurs zone.
18:58 of 3rd period - Shot by Nathan MacKinnon.
18:58 of 3rd period - Shot Misses the Net.
19:43 of 3rd period - Icing by Jordie Benn.
19:44 of 3rd period - Devan Dubnyk from Wilds was sent back in the game.
19:44 of 3rd period - Joe Thornton wins face-off versus Adam Lowry in Wilds zone.
19:51 of 3rd period - Wilds, Devan Dubnyk is pulled from the net.
19:51 of 3rd period - Shot by Bobby Ryan.
19:51 of 3rd period - Shot Misses the Net.
Goals for this period are 2 for Wilds vs 0 for Senateurs.
Shots for this period are 19 for Wilds vs 5 for Senateurs.